 Dungeon Crawl Stone Soup version 0.23.1 (console) character file.

Game seed: 1973600822179472570

325 fly the Changer (level 6, 0/42 HPs)
             Began as an Octopode Transmuter on Mar 16, 2019.
             Succumbed to an adder's poison
             ... on level 3 of the Dungeon.
             The game lasted 00:05:54 (3283 turns).

fly the Changer (Octopode Transmuter)               Turns: 3283, Time: 00:05:55

Health: 0/42       AC:  1    Str: 16    XL:     6   Next: 48%
Magic:  9/9        EV: 15    Int: 16    God:
Gold:   70         SH:  0    Dex: 12    Spells: 3/9 levels left

rFire    . . .     SeeInvis .     - Unarmed
rCold    . . .     Gourm    .   (no shield)
rNeg     . . .     Faith    .   (helmet restricted)
rPois    .         Spirit   .   h - amulet of magic regeneration
rElec    .         Reflect  .   q - ring of flight
rCorr    .         Harm     .   r - ring of teleportation
MR       .....     Rnd*Tele +   (no ring)
Stlth    ++........             (no ring)
HPRegen  0.14/turn              (no ring)
MPRegen  0.36/turn              (no ring)
                                (no ring)
                                (no ring)

@: mighty, lethally poisoned (0 -> -3)
A: almost no armour, stealthy swim, amphibious, 8 rings, constrict 8, camouflage
1, gelatinous body 1
a: Evoke Flight


You were on level 3 of the Dungeon.
You were not hungry.

You visited 1 branch of the dungeon, and saw 3 of its levels.

You collected 70 gold pieces.

Inventory:

Missiles
 a - 58 arrows
Jewellery
 h - an amulet of magic regeneration (around mantle)
 q - a ring of flight (left tentacle)
 r - a ring of teleportation (right tentacle)
Wands
 o - a wand of paralysis (9)
Scrolls
 e - a scroll of enchant weapon
 g - a scroll of random uselessness {unknown}
 k - 2 scrolls of remove curse
 m - a scroll of enchant armour {unknown}
 p - a scroll of immolation {unknown}
Potions
 b - 4 potions of haste
Comestibles
 c - 3 rations
 f - 2 chunks of flesh


   Skills:
 - Level 3.0 Fighting
 + Level 4.3 Dodging
 - Level 3.0 Unarmed Combat
 - Level 2.0 Spellcasting
 + Level 4.3 Transmutations


You had 3 spell levels left.
You knew the following spells:

 Your Spells              Type           Power        Failure   Level  Hunger
c - Sticks to Snakes      Tmut           ###.....     5%          2    ###....
s - Spider Form           Tmut/Pois      #.........   26%         3    ###....
z - Beastly Appendage     Tmut           ###...       3%          1    #......

Your spell library contained the following spells:

 Spells                   Type           Power        Failure   Level  Hunger
 Ice Form                 Ice/Tmut       #.......     63%         4    #####..
 Blade Hands              Tmut           ###.......   67%         5    ######.


Dungeon Overview and Level Annotations

Branches:
Dungeon (3/15)

Altars:
Yredelemnul


Innate Abilities, Weirdness & Mutations

You cannot wear most types of armour.
You are very stealthy in the water. (Stealth+)
You are amphibious.
You can wear up to eight rings at the same time.
You can use your tentacles to constrict eight enemies at once.
Your skin changes colour to match your surroundings (Stealth+).
Your rubbery body absorbs attacks. (AC +1, EV +1)


Message History

The orc hits you with a +0 short sword.
* * * LOW HITPOINT WARNING * * *
Unknown command.
Okay, then.
Evoke which item? (* to show all) (? for menu, Esc to quit)
Aiming: Paralyse
Press: ? - help, Shift-Dir - straight line, f - orc
Aim: an orc, wielding a +0 short sword and wearing a +0 leather armour (chance to defeat MR: 63%)
The orc suddenly stops moving!
The helpless orc fails to defend itself.
You bludgeon the orc!
You kill the orc!
* * * LOW HITPOINT WARNING * * *
You feel sick.
There is a lethal amount of poison in your body!
There is a lethal amount of poison in your body!
There is a lethal amount of poison in your body!
* * * LOW HITPOINT WARNING * * *
You feel sick.
You die...

.............#
##.........
............#
##........
..........)(#
#.......#
..........).#
#.......#
............#
...........†##
.............##
.............)##
###..........)@#
####..........#
#..........#
##.........#
#.........#
#.........#
#.........#
.........#


There were no monsters in sight!

Vanquished Creatures
  A bullfrog (D:3)
  An orc priest (D:3)
  2 orc wizards (D:3)
  Robin (D:3)
  6 adders
  2 oozes
  2 worms (D:2)
  2 dart slugs
  3 leopard geckos (D:2)
  9 orcs (D:3)
  A ball python (D:3)
  A giant cockroach (D:2)
  20 goblins
  2 hobgoblins
  9 bats
  3 frilled lizards
  12 kobolds
  6 rats
  A spectral orc (D:2)
84 creatures vanquished.

Notes
Turn   | Place    | Note
-------+----------+-------------------------------------------
     0 | D:1      | fly the Octopode Transmuter began the quest for the Orb.
     0 | D:1      | Reached XP level 1. HP: 13/13 MP: 3/3
   407 | D:1      | Reached XP level 2. HP: 16/18 MP: 5/5
  1010 | D:1      | Learned a level 2 spell: Sticks to Snakes
  1017 | D:1      | Reached XP level 3. HP: 16/24 MP: 4/6
  1356 | D:2      | Reached XP level 4. HP: 12/29 MP: 5/7
  2043 | D:2      | Found a basalt altar of Yredelemnul.
  2226 | D:3      | Noticed a bullfrog
  2233 | D:2      | Learned a level 3 spell: Spider Form
  2249 | D:3      | Killed a bullfrog
  2249 | D:3      | Reached XP level 5. HP: 36/36 MP: 8/8
  2739 | D:3      | Noticed Robin
  2804 | D:3      | Reached XP level 6. HP: 4/42 MP: 9/9
  3224 | D:3      | Killed Robin
  3279 | D:3      | HP: 2/42 [poisoned by an adder]
  3283 | D:3      | Succumbed to an adder's poison

Skill      XL: |  1  2  3  4  5  6 |
---------------+-------------------+-----
Fighting       | 2 3 |  3.0
Dodging        | 3 4 |  4.3
Transmutations | 3 4 |  4.3
Unarmed Combat | |  3.0
Spellcasting   | |  2.0

Action                   |  1- 3 |  4- 6 || total
-------------------------+-------+-------++-------
Melee: Unarmed           |    72 |   113 ||   185
       Tentacles         |    14 |    15 ||    29
       Constrict         |    21 |    22 ||    43
       Kick              |     7 |    14 ||    21
       Punch             |     1 |     1 ||     2
 Cast: Beastly Appendage |     7 |    13 ||    20
       Spider Form       |       |     5 ||     5
Evoke: Wand              |       |     1 ||     1
  Use: Scroll            |       |     4 ||     4
       Potion            |       |     5 ||     5
 Stab: Sleeping          |    11 |     1 ||    12
       Paralysed         |       |     1 ||     1
  Eat: Chunk             |     1 |     8 ||     9
Armor: Skin              |     8 |     4 ||    12
Dodge: Dodged            |    42 |   102 ||   144
